 Dungeon Crawl Stone Soup version 0.25.1-2-g60ff931df9 (webtiles) character file.

Game seed: 14612499302062266409

395 DoubleLucky the Caller (level 6, -5/41 HPs)
             Began as a Vampire Summoner on Sept 29, 2020.
             Shot with an arrow by a centaur (6 damage)
             ... on level 3 of the Dungeon.
             The game lasted 00:32:12 (4812 turns).

DoubleLucky the Caller (Vampire Summoner)           Turns: 4812, Time: 00:32:13

Health: -5/41      AC:  3    Str:  7    XL:     6   Next: 52%
Magic:  4/12       EV: 12    Int: 19    God:
Gold:   162        SH:  0    Dex: 15    Spells: 8/14 levels left

rFire    . . .     SeeInvis +   g - +0 dagger
rCold    . . .     Gourm    .   (no shield)
rNeg     . . .     Faith    .   f - +0 leather armour
rPois    .         Spirit   .   (no helmet)
rElec    .         Reflect  .   (no cloak)
rCorr    .         Harm     .   (no gloves)
MR       .....                  (no boots)
Stlth    +++.......             (no amulet)
HPRegen  0.33/turn              (no ring)
MPRegen  0.13/turn              (no ring)

@: regenerating quickly
A: no food, fangs 3, see invisible, unbreathing
a: Exsanguinate


You were on level 3 of the Dungeon.
You were alive.

You visited 1 branch of the dungeon, and saw 3 of its levels.

You collected 162 gold pieces.

Inventory:

Hand Weapons
 e - a +0 hunting sling
 g - a +0 dagger (weapon)
Missiles
 j - 92 stones (quivered)
Armour
 a - a +1 robe
 f - a +0 leather armour (worn)
 p - a +4 chain mail of positive energy
Jewellery
 k - an uncursed ring of stealth {unknown}
Wands
 c - a wand of digging (3)
Scrolls
 l - a scroll of remove curse
Potions
 b - a potion of heal wounds {unknown}
 d - 2 potions of haste
 h - a potion of stabbing {unknown}
 i - a potion of mutation {unknown}
 m - a potion of berserk rage {unknown}
 n - a potion of might {unknown}
 o - 2 potions of curing


   Skills:
 - Level 2.1 Dodging
 - Level 5.0 Stealth
 + Level 4.5 Spellcasting
 + Level 5.9 Summonings


You had 8 spell levels left.
You knew the following spells:

 Your Spells              Type           Power        Failure   Level  Hunger
a - Summon Small Mammal   Summ           ####         1%          1    N/A
b - Call Imp              Summ           ####....     2%          2    N/A
c - Call Canine Familiar  Summ           ####....     5%          3    N/A

Your spell library contained the following spells:

 Spells                   Type           Power        Failure   Level  Hunger
 Summon Guardian Golem    Hex/Summ       ###.....     17%         3    N/A
 Summon Ice Beast         Ice/Summ       ###.....     50%         4    N/A
 Summon Lightning Spire   Summ/Air       ###.....     50%         4    N/A

Dungeon Overview and Level Annotations

Branches:
Dungeon (3/15)

Altars:
Cheibriados
Vehumet


Innate Abilities, Weirdness & Mutations

You do not eat.
Your natural rate of healing is unusually fast.
You have razor-sharp teeth.
You have supernaturally acute eyesight. (SInv)
You can survive without breathing.


Message History

The centaur shoots an arrow.
The arrow hits your crimson imp.
Your crimson imp hits the centaur.
You swap places.
The centaur shoots an arrow.
The arrow barely misses your crimson imp.
The arrow hits your iron imp!
Your crimson imp hits the centaur.
Your crimson imp hits the centaur but does no damage.
The centaur shoots an arrow.
The arrow misses your crimson imp. The arrow hits your iron imp!
Your iron imp dies!
Your crimson imp barely misses the centaur.
Your crimson imp blinks!
The centaur shoots an arrow.
The arrow hits you!
* * * LOW HITPOINT WARNING * * *
The centaur shoots an arrow.
The arrow hits you.
* * * LOW HITPOINT WARNING * * *
Your crimson imp hits the centaur.
Things that are here:
2 arrows; a +0 flail; a +0 leather armour The centaur shoots an arrow.
The arrow hits you.
You die...

########......# #.#.#.......
#.........)...###.#.###.#...
#........#c5..........#.#...
#........#§#######.5#.#.#...
#........#(# #..#...#... .
#....l...#(# #..#####... .
#...o....#.# ##>....'... ..
#..5.....#(##############...
..####........#.@.†...## #...
..)(.o........#........#######...
....c..#########.................
.....).# #........######.##
#......# #######..# #... #...†..#
#..# #### #..†.(.# #..# #
######## #..#########
#<)........[


You could see a centaur.

Vanquished Creatures
  A dart slug (D:3)
  2 leopard geckos (D:1)
  A hobgoblin (D:2)
  A kobold (D:1)
5 creatures vanquished.

Vanquished Creatures (collateral kills)
  Grinder (D:3)
  Sigmund (D:3)
  4 wights (D:3)
  Terence (D:3)
  Ijyb (D:3)
  5 adders
  An ooze (D:1)
  3 worms
  A dart slug (D:2)
  4 leopard geckos
  4 orcs (D:3)
  3 ball pythons
  10 bats
  2 giant cockroaches (D:3)
  4 goblins
  3 hobgoblins (D:1)
  5 jackals
  9 kobolds
  2 quokkas (D:2)
  8 frilled lizards
  8 rats
80 creatures vanquished.

Vanquished Creatures (others)
  An adder (D:2)
1 creature vanquished.

Grand Total: 86 creatures vanquished

Notes
Turn   | Place    | Note
-------+----------+-------------------------------------------
     0 | D:1      | DoubleLucky the Vampire Summoner began the quest for the
                  | Orb.
     0 | D:1      | Reached XP level 1. HP: 13/13 MP: 3/3
   436 | D:1      | Reached XP level 2. HP: 17/19 MP: 5/5
  1477 | D:2      | Reached XP level 3. HP: 24/24 MP: 0/6
  1884 | D:2      | Found a radiant altar of Vehumet.
  2302 | D:2      | Found a snail-covered altar of Cheibriados.
  2954 | D:3      | Noticed Ijyb
  2986 | D:3      | Killed Ijyb
  2986 | D:3      | Reached XP level 4. HP: 30/30 MP: 0/8
  3098 | D:2      | Learned a level 2 spell: Call Imp
  3206 | D:3      | HP: 1/30 [wight/+1 long sword (4)]
  3223 | D:3      | Reached skill level 5 in Stealth
  3293 | D:3      | Learned a level 3 spell: Call Canine Familiar
  3380 | D:3      | Reached skill level 5 in Summonings
  3380 | D:3      | Reached XP level 5. HP: 35/35 MP: 1/10
  3945 | D:3      | Noticed Grinder
  3978 | D:3      | Paralysed by Grinder for 4 turns
  4010 | D:3      | Paralysed by Grinder for 6 turns
  4301 | D:3      | Killed Grinder
  4301 | D:3      | Reached XP level 6. HP: 32/41 MP: 0/12
  4510 | D:3      | Noticed Terence
  4525 | D:3      | Killed Terence
  4635 | D:3      | Noticed Sigmund
  4799 | D:3      | Killed Sigmund
  4811 | D:3      | HP: 2/41 [centaur/arrow (13)]
  4812 | D:3      | Shot with an arrow by a centaur

Illustrated notes

Levels and vault maps discovered:
D:1:      dpeg_arrival_connections, layout_loops_corners
D:2:      layout_loops_corners, fiery_altar_vehumet, cheibriados_altar_1
D:3:      layout_basic, gup_sewer_entry_glass, uniq_grinder, uniq_terence,
          uniq_ijyb, uniq_sigmund

Skill      XL: |  1  2  3  4  5 |
---------------+----------------+-----
Stealth        | 4 5 |  5.0
Spellcasting   | 3 4 |  4.5
Summonings     | 5 |  5.9
Dodging        | |  2.1

Action                   |  1- 3 |  4- 6 || total
-------------------------+-------+-------++-------
Melee: Unarmed           |     1 |       ||     1
       Dagger            |    29 |    16 ||    45
       Bite              |     2 |       ||     2
 Cast: Summon Small Mamm |   125 |    10 ||   135
       Call Imp          |       |    68 ||    68
  Use: Scroll            |     5 |       ||     5
 Stab: Sleeping          |     4 |     2 ||     6
Armor: Robe              |    21 |       ||    21
       Leather armour    |       |    18 ||    18
Dodge: Dodged            |    63 |    35 ||    98
